 Dungeon Crawl Stone Soup version 0.30-a0-365-ge7f957f1db (webtiles) character file.

Game seed: 7452376142991627709

76823 freelancePsychic the Lord of Darkness (level 15, -1/84 HPs)
             Began as a Vine Stalker Summoner on Nov 16, 2022.
             Was the Champion of Kikubaaqudgha.
             Shot with a bolt by Saint Roka (22 damage)
             ... on level 2 of the Orcish Mines.
             The game lasted 00:47:54 (21409 turns).

freelancePsychic the Lord of Darkness (VSSu)       Turns: 21409, Time: 00:47:54

Health: -1/84      AC: 24    Str: 11    XL:     15   Next: 54%
Magic:  0/34       EV: 14    Int: 27    God:    Kikubaaqudgha [******]
Gold:   1607       SH: 10    Dex: 16    Spells: 4/32 levels left

rFire   + . .      SeeInvis .    a - +6 rapier (drain)
rCold   . . .      Faith    .    H - +1 buckler {AC+3}
rNeg    . . .      Spirit   +    e - +4 moon troll leather armour {Spirit, Regen++ MP+5}
rPois   .          Reflect  +    v - +0 hat
rElec   .          Harm     .    f - +2 cloak {rF+}
rCorr   .          Rampage  .    w - +2 pair of gloves
Will    +....                    D - +2 pair of boots
Stlth   ++........               Q - amulet of reflection
HPRegen 2.74/turn                r - +6 ring of intelligence
MPRegen 0.24/turn                y - +4 ring of protection

@: no status effects
A: fangs 3, regeneration 1, magic shield, antimagic bite, no potion heal 2
a: Renounce Religion, Unearth Wretches, Torment, Brand Weapon With Pain, Receive
Forbidden Knowledge


You were on level 2 of the Orcish Mines.
You worshipped Kikubaaqudgha.
Kikubaaqudgha was exalted by your worship.
You visited 3 branches of the dungeon, and saw 22 of its levels.
You also visited: Bailey and Volcano.

You collected 1845 gold pieces.
You spent 238 gold pieces at shops.

Inventory:

Hand Weapons
 a - a +6 rapier of draining (weapon)
 b - the +9 staff of Olgreb {rPois∞}
   (You found it on level 15 of the Dungeon)

   If the wielder is skilled in Evocations, they can envenom those struck by it,
   dealing poison damage which bypasses armour.
   It enhances your poison magic.
   It grants immunity to poison.
   It can be activated via the 'a'bility menu to radiate toxic energy, with
   effectiveness depending on Evocations skill.
Missiles
 g - 6 throwing nets
Armour
 e - the +4 moon troll leather armour (worn) {Spirit, Regen++ MP+5}
   (You took it off a gnoll sergeant in a bailey)

   MP:        It affects your magic capacity (+5).
   Regen:     It increases your rate of health regeneration.
 f - a +2 cloak of fire resistance (worn)
 v - a +0 hat (worn)
 w - a +2 pair of gloves (worn)
 D - a +2 pair of boots (worn)
 H - a +1 buckler of protection (worn)
Jewellery
 i - a ring of fire
 r - a +6 ring of intelligence (left hand)
 y - a +4 ring of protection (right hand)
 L - a ring of magical power
 M - a +4 ring of evasion
 O - a ring of positive energy
 P - a +6 ring of dexterity
 Q - an amulet of reflection (around neck)
Wands
 n - a wand of charming (20)
 t - a wand of quicksilver (7)
 F - a wand of roots (15)
 G - a wand of mindburst (24)
 J - a wand of polymorph (6)
 T - a wand of digging (3)
 U - a wand of flame (7)
Scrolls
 d - 4 scrolls of enchant armour
 j - 7 scrolls of butterflies
 o - a scroll of brand weapon
 p - 3 scrolls of poison
 q - 15 scrolls of teleportation {@r4}
 E - a scroll of enchant weapon
 N - a scroll of immolation
 R - 2 scrolls of identify {@r1}
 S - 2 scrolls of summoning
Potions
 c - 5 potions of invisibility
 h - 2 potions of magic
 k - 2 potions of ambrosia
 l - 4 potions of haste {@q3}
 m - 8 potions of might
 s - 5 potions of flight
 u - 3 potions of attraction
 x - 3 potions of lignification
 z - 5 potions of curing {@q1}
 A - 2 potions of brilliance
 B - 3 potions of berserk rage
 I - 2 potions of cancellation
 K - 2 potions of resistance
Miscellaneous
 C - a tin of tremorstones (inert)


   Skills:
 + Level 12.2 Fighting
 - Level 7.0 Short Blades
 - Level 6.3 Dodging
 - Level 3.1 Stealth
 + Level 1.0 Shields
 - Level 9.0 Spellcasting
 - Level 8.7 Hexes
 - Level 8.4 Summonings
 + Level 12.9 Necromancy
 + Level 9.2 Ice Magic
 - Level 4.5 Air Magic


You had 4 spell levels left.
You knew the following spells:

 Your Spells              Type           Power      Damage    Failure   Level
a - Animate Dead          Necr           69%        N/A       1%          4
b - Call Canine Familiar  Summ           55%        N/A       1%          3
c - Summon Guardian Gole  Hex/Summ       56%        N/A       1%          3
d - Summon Lightning Spi  Summ/Air       47%        N/A       6%          4
e - Simulacrum            Ice/Necr       32%        N/A       14%         6
f - Dispel Undead         Necr           69%        3d23      1%          4
i - Anguish               Hex/Necr       31%        N/A       1%          4

Your spell library contained the following spells:

 Spells                   Type           Power      Damage    Failure   Level
 Necrotise                Necr           100%       1d9       1%          1
 Summon Small Mammal      Summ           100%       N/A       1%          1
 Call Imp                 Summ           55%        N/A       1%          2
 Cigotuvi's Dreadful Rot  Necr/Pois/Air  86%        N/A       1%          2
 Vampiric Draining        Necr           69%        2d10      1%          3
 Poisonous Vapours        Pois/Air       48%        N/A       4%          2
 Inner Flame              Hex/Fire       35%        N/A       4%          3
 Portal Projectile        Hex/Tloc       70%        N/A       4%          3
 Swiftness                Air            36%        N/A       4%          3
 Apportation              Tloc           24%        N/A       9%          1
 Sting                    Tmut/Pois      48%        1d5       9%          1
 Blink                    Tloc           24%        N/A       13%         2
 Momentum Strike          Conj/Tloc      24%        3d8       13%         2
 Leda's Liquefaction      Hex/Erth       17%        N/A       14%         4
 Lesser Beckoning         Tloc           24%        N/A       26%         3
 Flame Wave               Conj/Fire      12%        2d6       63%         4
 Olgreb's Toxic Radiance  Pois           12%        N/A       63%         4
 Sticky Flame             Conj/Fire      12%        2d4       63%         4
 Agony                    Necr           69%        N/A       1%          5
 Borgnjor's Vile Clutch   Necr/Erth      23%        N/A       17%         5
 Lightning Bolt           Conj/Air       12%        1d25      67%         5
 Ozocubu's Refrigeration  Ice            29%        4d13      86%         7
 Enfeeble                 Hex            28%        N/A       89%         7
 Alistair's Intoxication  Tmut/Pois      8%         N/A       93%         5
 Fireball                 Conj/Fire      6%         3d5       93%         5
 Iskenderun's Battlesphe  Conj           12%        2d7       93%         5
 Conjure Ball Lightning   Conj/Air       12%        3x3d7     99%         6
 Orb of Destruction       Conj           6%         9d6       100%        7
 Spellforged Servitor     Conj/Summ      17%        N/A       100%        7
 Ignition                 Fire           6%         3d4       100%        8


Dungeon Overview and Level Annotations

Branches:
Dungeon (15/15)            Temple (0/1) D:7            Lair (5/5) D:9
 Shoals (0/4) Lair:2       Spider (0/4) Lair:3        Slime (0/5) Lair:4
    Orc (2/2) D:12         Vaults (0/5) D:13         Depths (0/4) D:15
 Bailey (visited)         Volcano (visited)
    Elf: Orc:2

Altars:
Cheibriados
Elyvilon
Fedhas
Gozag
Kikubaaqudgha
Makhleb
Okawaru
Qazlal
Sif Muna
Trog
Zin
The Shining One
Jiyva

Shops:
D:6 *   D:9 :   D:10 (   D:13 [

Annotations:
D:1 exclusion: downstairs
D:2 Sigmund
D:3 Jessica
D:5 1 runed translucent door, blackman's ghost, weakling HuDe
D:7 exclusion: 2 doors
D:10 1 runed translucent door
D:15 Rupert
Lair:5 exclusion: orange crystal statue
Orc:2 Saint Roka


Innate Abilities, Weirdness & Mutations

You have razor-sharp teeth.
Your natural rate of healing is unusually fast.
When hurt, damage is shared between your health and your magic reserves.
Your bite disrupts and absorbs the magic of your enemies.
Potions cannot restore your health.


Message History

You block the orc warlord's attack.
You swap places.
The orc warlord hits your orc warrior with a +0 great mace!!!
Your orc warrior dies!
Your orc warrior's corpse dissolves into shadows!
Saint Roka calls down the wrath of Beogh upon you.
Beogh smites you!
* * * LOW HITPOINT WARNING * * *
Your ogre hits the troll with a +0 giant spiked club!!
Your orc wizard hits the orc warlord but does no damage.
Your orc hits the troll but does no damage.
Your troll bites the orc warlord!
Kikubaaqudgha accepts your kill.
The orc warlord explodes!
The fiery explosion engulfs your ogre!!
Your ogre is severely wounded.
The fiery explosion engulfs your orc wizard!!
You kill your orc wizard!
Your orc wizard's corpse dissolves into shadows!
The fiery explosion engulfs your troll!!!
Your troll is almost dead.
The fiery explosion engulfs your orc wizard!
Your orc wizard is almost dead.
The fiery explosion engulfs the troll!!
You kill the troll!
Kikubaaqudgha accepts your kill. The fiery explosion engulfs your orc!!
You kill your orc!
Your orc's corpse dissolves into shadows!
Your orc wizard dissolves into shadows!
Your troll dissolves into shadows!
Your ogre dissolves into shadows!
You hear a shout! x2
Your Shields skill increases to level 1!
Saint Roka is engulfed in blazing flames.
Flame seeps out of Saint Roka.
Saint Roka unwields a +0 long sword of protection.
Saint Roka wields a +2 vorpal arbalest.
Saint Roka shoots a bolt.
The bolt hits you!!
You die...
Kikubaaqudgha rasps: "You have failed me!
Welcome... death!"

..... #....
#.... #...## ..
#....####..
##.....#....
####...........
.......@o......
#####.§†.......
#.§§§......
##§§§......
#.○☼☼.....
#§§§○..$..
#.§°°.☼.....
##°o°§......
.o).).......


You could see Saint Roka (inner flame, strong, ally target) and a friendly orc
(summoned).

Vanquished Creatures
  The ghost of retardedninja the Cleaver, a journeyman HOFi of Gozag (D:12)
  A fire dragon (D:13)
  A hydra (D:13)
  3 centaur warriors
  A catoblepas (Lair:1)
  A two-headed ogre (D:13)
  A tengu warrior (D:15)
  2 death yaks (Lair:2)
  A fire crab (Volcano)
  2 lindwurms
  4 ugly things
  An orc sorcerer (Orc:2)
  5 cyclopes
  A manticore (D:11)
  8 elephants
  A black mamba (Lair:1)
  An orange demon (Lair:2)
  A gargoyle (D:12)
  4 cane toads (Lair:5)
  A kobold demonologist (D:12)
  3 komodo dragons
  A rime drake (Lair:3)
  3 trolls
  A tyrant leech (Lair:5)
  Grinder (D:3)
  A polar bear (Lair:1)
  4 slime creatures (D:15)
  A raiju (shapeshifter) (D:13)
  12 blink frogs
  4 wraiths (D:13)
  A shadow (D:13)
  A wyvern (Lair:4)
  A yak (shapeshifter) (D:15)
  A human (D:12)
  2 basilisks
  8 fire bats (Volcano)
  22 yaks
  4 vampire mosquitoes
  A steam dragon (Volcano)
  A warg (Orc:2)
  9 water moccasins
  2 hell hounds (Volcano)
  6 orc warriors
  An ice beast (shapeshifter) (D:15)
  A black bear (Lair:1)
  3 wolves
  8 centaurs
  7 bullfrogs
  A gnoll sergeant (Bailey)
  A necrophage (D:4)
  2 scorpions
  2 electric eels
  5 howler monkeys
  2 hounds (D:6)
  A jelly (D:6)
  2 orc priests
  A gnoll bouda (Bailey)
  2 hell rats (Lair:3)
  2 iguanas
  4 orc wizards
  2 gnolls
  7 adders
  A white imp (D:5)
  An ufetubus (D:5)
  A worm (D:2)
  A dart slug (D:1)
  18 orcs
  10 ball pythons
  2 bats (D:2)
  7 endoplasms
  3 giant cockroaches
  4 goblins
  A hobgoblin (D:2)
  2 jackals (D:1)
  8 kobolds
  A quokka (D:1)
  A frilled lizard (D:2)
  A rat (D:1)
247 creatures vanquished.

Vanquished Creatures (collateral kills)
  Gastronok (Lair:2)
  An orc warlord (Orc:2)
  A dire elephant (D:15)
  A hydra (D:15)
  2 death yaks (Lair:2)
  A tengu warrior (D:15)
  A boulder beetle (D:12)
  3 centaur warriors
  Urug (Lair:2)
  Amaemon (Lair:2)
  A mana viper (shapeshifter) (D:15)
  A cyclops (D:14)
  4 elephants (Lair:5)
  2 manticores
  2 merfolk sirens (Lair:2)
  2 black mambas
  9 cane toads
  A rime drake (Lair:2)
  4 komodo dragons
  A merfolk (Lair:2)
  A troll (D:12)
  A hornet (D:8)
  A tyrant leech (Lair:5)
  10 blink frogs
  A slime creature (D:15)
  2 shadows
  31 yaks
  A wraith (D:9)
  A wyvern (D:9)
  3 fire bats (Volcano)
  2 steam dragons (D:8)
  A human (D:12)
  4 basilisks
  7 vampire mosquitoes
  5 water moccasins
  4 orc warriors
  A black bear (D:9)
  An ogre (D:6)
  7 wolves
  A centaur (D:8)
  2 phantoms (D:6)
  2 kobold brigands
  4 bullfrogs
  A scorpion (D:9)
  4 gnoll sergeants (Bailey)
  3 wights (D:8)
  2 electric eels (Lair:5)
  A howler monkey (D:10)
  3 lava snakes (Lair:5)
  Crazy Yiuf (D:6)
  3 orc priests
  2 gnoll boudas (Bailey)
  3 hounds
  5 hell rats (Lair:3)
  5 iguanas
  An orc wizard (D:12)
  14 gnolls
  6 adders
  An adder (shapeshifter) (D:15)
  A white imp (D:8)
  2 worms
  A dart slug (D:2)
  29 orcs
  2 ball pythons
  An endoplasm (D:1)
  5 goblins
  5 hobgoblins
  A quokka (D:1)
  5 frilled lizards
  13 kobolds
  An orc zombie (D:15)
  3 rats
  A butterfly (Lair:3)
258 creatures vanquished.

Vanquished Creatures (others)
  An emperor scorpion (D:15)
  A spark wasp (shapeshifter) (D:15)
  An ice dragon (D:15)
  A hydra (D:12)
  2 centaur warriors (D:15)
  A death yak (Lair:2)
  Erica (Lair:2)
  A two-headed ogre (D:10)
  An orc knight (D:15)
  A wolf spider (D:15)
  2 manticores
  A merfolk siren (Lair:2)
  A centaur zombie (D:15)
  4 cane toads
  A gargoyle (D:11)
  An unseen horror (D:11)
  A komodo dragon (D:9)
  A troll (D:7)
  4 blink frogs
  A vampire (D:10)
  A tyrant leech zombie (Lair:5)
  9 yaks
  6 vampire mosquitoes
  2 cane toad zombies (Lair:5)
  A water moccasin (Lair:2)
  An orc warrior (D:11)
  9 blink frog zombies
  2 ogres
  2 centaurs (D:14)
  A vampire mosquito zombie (Lair:5)
  A kobold brigand (D:7)
  3 gnoll sergeants (Bailey)
  2 water moccasin zombies
  19 yak zombies
  3 bullfrog zombies
  2 basilisk zombies
  A hound (D:5)
  2 gnoll boudas (Bailey)
  An orc wizard (D:12)
  A gnoll (Bailey)
  An ufetubus (D:5)
  2 orcs
  13 orc zombies
  48 fungi
  121 plants
282 creatures vanquished.

Grand Total: 787 creatures vanquished

Notes
Turn   | Place    | Note
-------+----------+-------------------------------------------
     0 | D:1      | freelancePsychic the Vine Stalker Summoner began the quest
                  | for the Orb.
     0 | D:1      | Reached XP level 1. HP: 9/9 MP: 4/4
   160 | D:1      | Reached XP level 2. HP: 13/13 MP: 0/6
   510 | D:1      | Found a faded altar of an unknown god.
   639 | D:1      | Reached XP level 3. HP: 16/16 MP: 7/7
   919 | D:2      | Noticed Sigmund
  1001 | D:1      | Learned a level 3 spell: Call Canine Familiar
  1645 | D:3      | Noticed Grinder
  1680 | D:3      | Gained mutation: Your natural rate of healing is unusually
                  | fast. [Vine Stalker growth]
  1680 | D:3      | Reached XP level 4. HP: 21/21 MP: 4/9
  1782 | D:3      | Reached skill level 1 in Hexes
  1785 | D:3      | Reached skill level 5 in Summonings
  1811 | D:3      | Paralysed by Grinder for 2 turns
  1815 | D:3      | HP: 1/21 [orc/+0 club (3)]
  1821 | D:3      | Paralysed by Grinder for 3 turns
  1825 | D:3      | Killed Grinder
  1826 | D:3      | Reached XP level 5. HP: 6/24 MP: 3/11
  1826 | D:3      | Reached XP level 6. HP: 7/28 MP: 3/12
  1903 | D:3      | Learned a level 3 spell: Summon Guardian Golem
  1946 | D:3      | Found a stormy altar of Qazlal.
  2694 | D:3      | Reached skill level 1 in Air Magic
  2934 | D:3      | Noticed Jessica
  2940 | D:3      | Found a shimmering blue altar of Sif Muna.
  2989 | D:4      | Learned a level 4 spell: Summon Lightning Spire
  3201 | D:4      | Reached XP level 7. HP: 27/32 MP: 4/14
  3773 | D:4      | Reached skill level 1 in Fighting
  4060 | D:5      | Entered Level 5 of the Dungeon
  4585 | D:5      | Found a runed translucent door.
  4615 | D:5      | Gained mutation: You have razor-sharp teeth. [Vine Stalker
                  | growth]
  4615 | D:5      | Reached XP level 8. HP: 39/39 MP: 13/15
  5099 | D:5      | Identified the +3 robe of Wiumiasy {Str+2}
  5529 | D:5      | Noticed blackman's ghost (weakling HuDe)
  5602 | D:6      | Found a bloodstained altar of Trog.
  5733 | D:6      | Identified the +10 hammer of Parts Unknown {protect, rN+
                  | Str+2 Int-3}
  5740 | D:6      | Found a runed translucent door.
  5741 | D:6      | Noticed Crazy Yiuf
  5752 | D:6      | Killed Crazy Yiuf
  5757 | D:6      | Identified the +7 hammer of Widefir {elec, Int+3}
  5925 | D:6      | Found an ancient bone altar of Kikubaaqudgha.
  5991 | D:6      | Became a worshipper of Kikubaaqudgha
  6031 | D:6      | Found a blossoming altar of Fedhas.
  6211 | D:6      | Found a glowing silver altar of Zin.
  6248 | D:6      | Reached skill level 1 in Necromancy
  6545 | D:6      | Found Qekeed Xicu's General Store.
  6585 | D:7      | Found a staircase to the Ecumenical Temple.
  6620 | D:7      | Reached XP level 9. HP: 45/45 MP: 17/17
  6729 | D:7      | Reached skill level 5 in Spellcasting
  7161 | D:7      | Noticed a troll
  7166 | D:7      | Killed a troll
  7271 | D:8      | Found a flagged portal.
  7299 | D:9      | Reached skill level 5 in Fighting
  7343 | Bailey   | Entered a bailey
  7352 | Bailey   | Reached * piety under Kikubaaqudgha
  7352 | Bailey   | Received a gift from Kikubaaqudgha
  7361 | Bailey   | Learned a level 4 spell: Animate Dead
  7367 | Bailey   | Learned a level 4 spell: Anguish
  7680 | Bailey   | Reached XP level 10. HP: 51/51 MP: 2/20
  7953 | Bailey   | Identified the +0 leather armour "Tairautide" {Int+4}
  8010 | Bailey   | Got the Handbook of Feathers
  8293 | D:8      | Reached ** piety under Kikubaaqudgha
  8389 | D:8      | Reached skill level 5 in Hexes
  8389 | D:8      | Reached skill level 5 in Necromancy
  9380 | D:9      | Found Mysic's Book Boutique.
  9439 | D:9      | Found a staircase to the Lair.
  9679 | D:9      | Found a snail-covered altar of Cheibriados.
  9899 | D:6      | Bought a +1 rapier of draining for 156 gold pieces
  9899 | D:6      | Bought a scroll of enchant armour for 82 gold pieces
 10014 | D:10     | Entered Level 10 of the Dungeon
 10220 | D:10     | Reached skill level 1 in Short Blades
 10230 | D:10     | Noticed a two-headed ogre
 10250 | D:10     | Killed a two-headed ogre
 10251 | D:10     | Reached XP level 11. HP: 58/58 MP: 12/23
 10351 | D:10     | Found a runed translucent door.
 10351 | D:10     | Found a burning altar of Makhleb.
 10351 | D:10     | Noticed a sixfirhy
 10673 | D:10     | Found an iron altar of Okawaru.
 10730 | D:10     | Found Loxteck's Weapon Shoppe.
 10931 | D:11     | Reached *** piety under Kikubaaqudgha
 10931 | D:11     | Received a gift from Kikubaaqudgha
 10944 | D:11     | Learned a level 4 spell: Dispel Undead
 10952 | D:11     | Noticed a two-headed ogre
 10981 | D:11     | Noticed a red ugly thing
 10981 | D:11     | Noticed a manticore
 10984 | D:11     | Noticed a manticore
 10988 | D:11     | Reached skill level 5 in Short Blades
 10991 | D:11     | Killed a manticore
 11023 | D:11     | Killed a manticore
 11040 | D:11     | Reached XP level 12. HP: 64/64 MP: 10/24
 11228 | D:11     | Found an opulent altar of Gozag.
 11605 | Lair:1   | Entered Level 1 of the Lair of Beasts
 11605 | Lair:1   | Found a dark tunnel.
 11615 | Volcano  | Entered a volcano
 11761 | Volcano  | Reached **** piety under Kikubaaqudgha
 12292 | Lair:1   | Noticed a catoblepas
 12306 | Lair:1   | Killed a catoblepas
 12745 | Lair:2   | Reached skill level 1 in Ice Magic
 12766 | Lair:2   | Noticed a death yak
 12768 | Lair:2   | Noticed a death yak
 12768 | Lair:2   | Noticed a death yak
 12768 | Lair:2   | Noticed a death yak
 12769 | Lair:2   | Noticed a death yak
 12777 | Lair:2   | Killed a death yak
 12782 | Lair:2   | Killed a death yak
 12783 | Lair:2   | Reached XP level 13. HP: 58/70 MP: 16/25
 12822 | Lair:2   | Noticed Amaemon
 12828 | Lair:2   | Reached skill level 10 in Necromancy
 12830 | Lair:2   | Killed Amaemon
 12903 | Lair:2   | Noticed Erica
 12919 | Lair:2   | Killed Erica
 13061 | Lair:2   | Noticed Gastronok
 13074 | Lair:2   | Killed Gastronok
 13174 | Lair:2   | Reached skill level 10 in Fighting
 13445 | Lair:2   | Found a staircase to the Shoals.
 13458 | Lair:2   | Reached skill level 5 in Ice Magic
 13623 | Lair:2   | Identified the +4 ring mail "Vuesook" {Stlth+}
 13623 | Lair:2   | Noticed Urug
 13628 | Lair:2   | Killed Urug
 13920 | Lair:3   | Reached ***** piety under Kikubaaqudgha
 13936 | Lair:3   | Identified the +0 leather armour "Elaad" {rElec Will+ MP+9}
 14059 | Lair:3   | Found a hole to the Spider Nest.
 15402 | Lair:4   | Reached XP level 14. HP: 77/77 MP: 26/26
 15460 | Lair:4   | Found a viscous altar of Jiyva.
 15460 | Lair:4   | Found a staircase to the Slime Pits.
 15738 | Lair:5   | Entered Level 5 of the Lair of Beasts
 16513 | Lair:5   | Identified the +0 robe of the Last Spreadsheets {rElec MP-9
                  | Slay-6 Archmagi}
 17023 | D:9      | Learned a level 6 spell: Simulacrum
 17246 | D:12     | Identified the +4 quarterstaff of Calamity {drain, Drain
                  | rPois rN+ SInv}
 17340 | D:12     | Found an iron altar of Okawaru.
 17438 | D:12     | Found a runed translucent gate.
 17472 | D:12     | Found a runed translucent gate.
 17472 | D:12     | Found a runed translucent gate.
 17473 | D:12     | Noticed retardedninja's ghost (journeyman HOFi)
 17599 | D:12     | Found a staircase to the Orcish Mines.
 17867 | D:12     | Killed retardedninja's ghost
 18009 | D:12     | Identified the +10 falchion "Ojuseffu" {vorpal, rElec}
 18012 | D:12     | Identified the +3 long sword "Coinimp" {vorpal, +Blink}
 18071 | D:12     | Reached skill level 5 in Dodging
 18254 | D:13     | Found Ytteuh's Antique Armour Shop.
 18798 | D:13     | Found a gate to the Vaults.
 18999 | D:14     | Reached XP level 15. HP: 19/83 MP: 2/29
 19099 | D:14     | Found a white marble altar of Elyvilon.
 19230 | D:14     | Found a glowing golden altar of the Shining One.
 19422 | D:15     | Entered Level 15 of the Dungeon
 19514 | D:15     | Found a staircase to the Depths.
 19518 | D:15     | Noticed an emperor scorpion
 19537 | D:15     | Reached ****** piety under Kikubaaqudgha
 19547 | D:15     | HP: 2/84 [emperor scorpion (3)]
 19566 | D:15     | Noticed Rupert
 20217 | D:15     | Killed an emperor scorpion
 21224 | Orc:1    | Entered Level 1 of the Orcish Mines
 21394 | Orc:2    | Entered Level 2 of the Orcish Mines
 21394 | Orc:2    | Noticed Saint Roka
 21394 | Orc:2    | Noticed an orc warlord
 21408 | Orc:2    | Killed an orc warlord
 21409 | Orc:2    | Reached skill level 1 in Shields
 21409 | Orc:2    | Shot with a bolt by Saint Roka

Illustrated notes

Levels and vault maps discovered:
D:1:      roderic_dead_forest, layout_basic, shapermc_ecumenical_altar_gd
D:2:      layout_rooms, uniq_sigmund
D:3:      layout_basic, tgw_sif, nicolae_qazlal_scattered_showers,
          grunt_decor_junction, minmay_snake_closets, uniq_grinder
D:4:      layout_loops_ring
D:5:      layout_layer_cave, ebering_ghost_sewer_d, hangedman_decor_riveting
D:6:      layout_loops_ring, mainiacjoe_overflow_tiny_flanked,
          mainiacjoe_overflow_paths, mainiacjoe_overflow_six_doors_small,
          kiku_gazebo_pond_becter, serial_shops, kennysheep_mini_moat,
          roderic_malta_cross, dk_vineyard_2, uniq_crazy_yiuf_cottage
D:7:      kennysheep_big_flooded_room, layout_loops_ring,
          minmay_temple_entry_arrows, nrook_mini_vaults
D:8:      layout_cave_pools, enter_bailey_5, serial_glass, glass_columns_c,
          glass_columns_a
D:9:      layout_gridville, slow_altar_2, grunt_lair_entry_orc_guard_hut,
          serial_shops, shop
D:10:     layout_loops_ring, marbit_many_paths, nzn_makhleb_speed_demon,
          serial_shops, nicolae_shop_bloodbath_and_beyond
D:11:     layout_rooms, grunt_gozag_statues
D:12:     layout_rooms, david_orc_4, gammafunk_ghost_hydra_chop, minivault_11,
          serial_park_tiny_pond, okawaru_humans
D:13:     layout_roguey, david_vaults_4, serial_shops, nicolae_shop_stone,
          kennysheep_generic_room_12
D:14:     layout_cave_pools, nicolae_tso_swordbearing_angel,
          nicolae_elyvilon_peaceful_grove
D:15:     hangedman_depths_entry_try_elsewhere_first, layout_basic,
          minmay_strange_pillars, drop_trap, minmay_pinched_square, uniq_rupert
Lair:1:   layout_small_grid, enter_volcano_1
Lair:2:   layout_loops_ring, elwin_shoals_entry_stream, grunt_megastairs_3,
          serial_bayou_shore_b, uniq_gastronok, uniq_urug, uniq_erica,
          uniq_amaemon
Lair:3:   layout_cellular_growth, spider_nest_entry_web_field,
          serial_bayou_shore_b, serial_bayou_shore_a, lemuel_fruit_fields
Lair:4:   layout_gridlike, dpeg_slime_entry_corner, guppyfry_lair_drakes,
          grunt_megastairs_4
Lair:5:   minmay_lair_end_frog_pond, layout_loops_ring, disabler_island
Orc:1:    layout_diamond_mine, serial_shops, shop_fountains,
          nicolae_shop_self_help
Orc:2:    grunt_orc_community_town_hall, layout_diamond_mine,
          grunt_orc_community_big_house_1, grunt_orc_community_big_house_2,
          grunt_orc_community_house_3, grunt_orc_community_house_1,
          grunt_orc_community_house_1, grunt_orc_community_house_3,
          grunt_orc_community_house_3, nicolae_shop_overcharged_wands,
          uniq_saint_roka

Skill      XL: |  1  2  3  4  5  6  7  8  9 10 11 12 13 14 15 |
---------------+----------------------------------------------+-----
Stealth        | 3 |  3.1
Hexes          | 2 4 6 7 8 |  8.7
Summonings     | 5 6 7 8 |  8.4
Spellcasting   | 3 4 6 7 9 |  9.0
Air Magic      | 1 2 4 |  4.5
Fighting       | 2 4 5 6 7 9 10 11 12 | 12.2
Necromancy     | 1 3 6 7 9 11 12 | 12.9
Short Blades   | 2 5 7 |  7.0
Ice Magic      | 2 6 8 9 |  9.2
Dodging        | 3 5 6 |  6.3
Shields        | 1 |  1.0

Action                   |  1- 3 |  4- 6 |  7- 9 | 10-12 | 13-15 || total
-------------------------+-------+-------+-------+-------+-------++-------
Melee: Unarmed           |     3 |       |       |       |       ||     3
       Bite              |    21 |    22 |    40 |   101 |   211 ||   395
       Short sword       |    79 |    94 |   103 |    37 |       ||   313
       Punch             |     3 |       |     2 |     2 |     8 ||    15
       Rapier            |       |       |       |   220 |   501 ||   721
       Staff             |       |       |       |       |     1 ||     1
 Cast: Summon Small Mamm |    32 |     8 |     2 |       |       ||    42
       Call Canine Famil |     2 |    12 |    23 |    30 |    38 ||   105
       Summon Guardian G |       |     2 |    26 |    19 |     8 ||    55
       Summon Lightning  |       |       |    10 |    29 |    34 ||    73
       Anguish           |       |       |       |    22 |    49 ||    71
       Animate Dead      |       |       |       |     5 |    10 ||    15
       Dispel Undead     |       |       |       |       |    12 ||    12
Evoke: Wand              |       |       |     3 |       |     1 ||     4
       Tin of tremorston |       |       |       |       |     2 ||     2
  Use: Scroll            |       |       |    14 |    16 |    17 ||    47
       Potion            |       |       |       |       |     3 ||     3
 Stab: Sleeping          |     7 |     6 |     6 |       |     4 ||    23
       Distracted        |     2 |     1 |     3 |     2 |     8 ||    16
Armor: Robe              |    13 |    20 |    39 |     6 |       ||    78
       Troll leather arm |       |       |       |   177 |   344 ||   521
Dodge: Dodged            |    50 |    73 |    74 |   228 |   386 ||   811
Block: Other             |       |       |       |       |    57 ||    57
       Reflection        |       |       |       |       |    16 ||    16
       Buckler           |       |       |       |       |     5 ||     5

Table legend: (Time is in decaauts)
 A = Elapsed time spent in this place.
 B = Non-inter-level travel time spent in this place.
 C = Inter-level travel time spent in this place.
 D = Time resting spent in this place.
 E = Time spent auto-exploring this place.
 F = Levels seen in this place.
 G = Mean time per level.
                   A        B        C        D        E       F      G
               +--------+--------+--------+--------+--------+-----+--------+
         Total |  22731 |  21672 |   1059 |    176 |  17196 |  24 |  947.1 |
       Dungeon |  15321 |  14448 |    873 |    172 |  11413 |  15 | 1021.4 |
          Lair |   6066 |   5885 |    181 |      4 |   4849 |   5 | 1213.2 |
  Orcish Mines |    184 |    180 |      4 |      0 |    165 |   2 |   92.0 |
        Bailey |    803 |    803 |      0 |      0 |    534 |   1 |  803.0 |
       Volcano |    355 |    355 |      0 |      0 |    235 |   1 |  355.0 |
               +--------+--------+--------+--------+--------+-----+--------+

Top non-repeatable levels by time:
    D:15: 1731 daAuts
  Lair:5: 1495 daAuts
     D:5: 1440 daAuts
  Lair:3: 1340 daAuts
     D:3: 1306 daAuts
  Lair:2: 1303 daAuts
    D:12: 1277 daAuts
     D:4: 1191 daAuts
     D:9: 1027 daAuts
  Lair:4: 1004 daAuts
     D:6: 1002 daAuts
     D:1: 1000 daAuts
  Lair:1: 922 daAuts
     D:8: 912 daAuts
    D:10: 906 daAuts
